 Dungeon Crawl Stone Soup version 0.25-a0-566-g062765be81 (webtiles) character file.

Game seed: 2789599791791204518, levelgen mode: deterministic

53 Flugslaktarn the Skirmisher (level 3, -1/33 HPs)
             Began as a Minotaur Fighter on Feb 27, 2020.
             Slain by a gnoll shaman
             ... wielding a +0 whip
              (2 damage)
             ... on level 4 of the Dungeon.
             The game lasted 00:00:26 (630 turns).

Flugslaktarn the Skirmisher (Minotaur Fighter)       Turns: 630, Time: 00:00:26

Health: -1/33      AC:  7    Str: 21    XL:     3   Next: 64%
Magic:  2/2        EV:  5    Int:  5    God:
Gold:   62         SH: 14    Dex:  9    Spells: 2/2 levels left

rFire    . . .     SeeInvis .   a - +0 war axe
rCold    . . .     Gourm    .   f - +0 tower shield
rNeg     . . .     Faith    .   b - +0 scale mail
rPois    .         Spirit   .   (helmet restricted)
rElec    .         Reflect  .   (no cloak)
rCorr    .         Harm     .   (no gloves)
MR       .....                  (no boots)
Stlth    ..........             (no amulet)
HPRegen  0.11/turn              (no ring)
MPRegen  0.08/turn              (no ring)

@: no status effects
A: retaliatory headbutt, horns 2
a: no special abilities


You were on level 4 of the Dungeon.
You were not hungry.

You visited 1 branch of the dungeon, and saw 4 of its levels.

You collected 62 gold pieces.

Inventory:

Hand Weapons
 a - a +0 war axe (weapon)
Armour
 b - a +0 scale mail (worn)
 c - a +0 kite shield
 f - a +0 tower shield (worn)
   (You found it on level 1 of the Dungeon)
Scrolls
 j - a scroll of remove curse {unknown}
 k - a scroll of enchant armour {unknown}
Potions
 d - a potion of might
 g - a potion of invisibility {unknown}
 h - a potion of flight {unknown}
 l - a potion of magic {unknown}
 m - a potion of mutation {unknown}
 n - a potion of curing {unknown}
Comestibles
 e - 2 rations


   Skills:
 + Level 4.1 Fighting
 * Level 3.6 Axes
 + Level 4.1 Armour
 + Level 4.1 Shields


You had 2 spell levels left.
You didn't know any spells.
Your spell library was empty.

Dungeon Overview and Level Annotations

Branches:
Dungeon (4/15)
 Temple: D:4-7

Altars:


Innate Abilities, Weirdness & Mutations

You reflexively headbutt those who attack you in melee.
You have a pair of horns on your head.


Message History

You are too injured to fight recklessly!
You are too injured to fight recklessly!
You are too injured to fight recklessly!
You are too injured to fight recklessly!
You are too injured to fight recklessly!
You are too injured to fight recklessly!
You are too injured to fight recklessly!
You are too injured to fight recklessly!
You are too injured to fight recklessly!
Unknown command.
You closely miss the gnoll.
The gnoll is lightly wounded.
You closely miss the gnoll.
You hit the gnoll shaman but do no damage.
You block the gnoll's attack.
The gnoll shaman hits you with a +0 whip!
* * * LOW HITPOINT WARNING * * *
You block the gnoll's attack. x2
The gnoll shaman hits you with a +0 whip.
You die...

###### #....# #!...#
#....#
##....################
#.....'...............
#...g@################
#.#.†gg.# #.....#
#.....# .....(+
(......# #..!^...#
#.......#


You could see a gnoll shaman and 2 gnolls.

Vanquished Creatures
  2 gnolls (D:4)
  An adder (D:3)
  A worm (D:3)
  A leopard gecko (D:3)
  An orc (D:3)
  A goblin (D:3)
  2 hobgoblins
  5 kobolds
  A ball python (D:3)
  4 bats (D:3)
  A rat (D:3)
20 creatures vanquished.

Notes
Turn   | Place    | Note
-------+----------+-------------------------------------------
     0 | D:1      | Flugslaktarn the Minotaur Fighter began the quest for the
                  | Orb.
     0 | D:1      | Reached XP level 1. HP: 19/19 MP: 0/0
   307 | D:3      | Reached XP level 2. HP: 27/27 MP: 1/1
   597 | D:3      | Reached XP level 3. HP: 33/33 MP: 2/2
   630 | D:4      | HP: 1/33 [gnoll shaman/+0 whip (7)]
   630 | D:4      | Slain by a gnoll shaman

Levels and vault maps discovered:
D:1:      dpeg_arrival_rhombus, layout_loops_corners,
          chequers_serial_rivers_room_b
D:2:      layout_rooms, marbit_many_paths, uniq_robin
D:3:      layout_rooms, serial_rivers, chequers_serial_rivers_micro_c,
          chequers_serial_rivers_large_a, chequers_serial_rivers_small_a,
          chequers_serial_rivers_marsh, chequers_serial_rivers_micro_a,
          uniq_sigmund, uniq_jessica
D:4:      layout_basic

Skill      XL: |  1  2 |
---------------+-------+-----
Axes           | 3 |  3.6
Fighting       | 4 |  4.1
Armour         | 4 |  4.1
Shields        | 4 |  4.1

Action                   || total
-------------------------++-------
Melee: War axe           ||    41
       Headbutt          ||     9
Armor: Scale mail        ||    19
Dodge: Dodged            ||     6
Block: Tower shield      ||    46
       Kite shield       ||     1

Table legend:
 A = Non-vault XP
 B = Vault XP
 C = Vault XP percentage of total XP
 D = Non-vault monster count
 E = Vault monster count
 F = Vault count percentage of total count
                 A         B        C        D         E       F
            +---------+---------+-------+---------+---------+-------
      Total |      77 |       0 |   0.0 |      20 |       0 |   0.0
            +---------+---------+-------+---------+---------+-------
        D:1 |       5 |       0 |   0.0 |       3 |       0 |   0.0
        D:2 |       2 |       0 |   0.0 |       1 |       0 |   0.0
        D:3 |      41 |       0 |   0.0 |      14 |       0 |   0.0
        D:4 |      29 |       0 |   0.0 |       2 |       0 |   0.0
            +---------+---------+-------+---------+---------+-------
